 Dungeon Crawl Stone Soup version 0.30-a0-696-g2367cd04db (webtiles) character file.

Game seed: 15910081515238527604

39 holysushi the Cutter (level 3, -2/19 HPs)
             Began as a Vine Stalker Monk on Jan 21, 2023.
             Constricted to death by Natasha (4 damage)
             ... on level 2 of the Dungeon.
             The game lasted 00:01:15 (1064 turns).

holysushi the Cutter (Vine Stalker Monk)            Turns: 1064, Time: 00:01:15

Health: -2/19      AC:  3    Str: 13    XL:     3   Next: 45%
Magic:  0/7        EV: 10    Int: 10    God:
Gold:   113        SH:  0    Dex: 18    Spells: 6/6 levels left

rFire   . . .      SeeInvis .    a - +0 short sword
rCold   . . .      Faith    .    (no shield)
rNeg    . . .      Spirit   +    b - +0 robe
rPois   .          Reflect  .    (no helmet)
rElec   .          Harm     .    d - +0 cloak
rCorr   .          Rampage  .    (no gloves)
Will    .....                    (no boots)
Stlth   ++                       (no amulet)
HPRegen 0.23/turn                (no ring)
MPRegen 0.10/turn                (no ring)

@: grasped by roots, constricted
A: fangs 2, magic shield, antimagic bite, no potion heal 2
a: no special abilities


You were on level 2 of the Dungeon.
You visited 1 branch of the dungeon, and saw 2 of its levels.

You collected 113 gold pieces.

Inventory:

Hand Weapons
 a - a +0 short sword (weapon)
Armour
 b - a +0 robe (worn)
 d - a +0 cloak (worn)
Scrolls
 f - a scroll of immolation {unknown}
Potions
 c - a potion of ambrosia
 e - a potion of heal wounds {unknown}
 h - a potion of haste {unknown}


   Skills:
 - Level 2.6 Fighting
 + Level 3.3 Short Blades
 - Level 2.4 Dodging
 - Level 2.4 Stealth
 + Level 2.0 Spellcasting


You had 6 spell levels left.
You didn't know any spells.
Your spell library was empty.

Dungeon Overview and Level Annotations

Branches:
Dungeon (2/15) Zot: 10948

Altars:

Annotations:
D:2 Natasha


Innate Abilities, Weirdness & Mutations

You have extremely sharp teeth.
When hurt, damage is shared between your health and your magic reserves.
Your bite disrupts and absorbs the magic of your enemies.
Potions cannot restore your health.


Message History

You hit the ball python.
You kill the ball python!
No target in view!
No target in view!
No target in view!
Found a stone staircase leading down.
Found a hand axe.
Found a mace.
You now have 113 gold pieces (gained 17).
Found a stone staircase leading down.
Found a stone staircase leading up.
A goblin comes into view. It is wielding a +0 club.
A goblin is nearby!
A goblin is nearby!
A goblin is nearby!
A goblin is nearby!
Natasha, Servant of Life and Death comes into view.
She is carrying a wand of roots (4).
Natasha hisses angrily.
Natasha zaps a wand.
The roots erupt in riotous growth!
The grasping roots grab you!
The goblin is unaffected.
The grasping roots constrict you.
There is an open door here.
You hit the goblin.
You kill the goblin!
The grasping roots constrict you.
You escape the roots grasp.
Natasha casts a spell at you. The magic dart hits you.
Things that are here:
a +0 club; a goblin corpse You hit Natasha but do no damage.
Your bite misses Natasha.
Natasha zaps a wand.
The roots erupt in riotous growth!
The grasping roots grab you!
Natasha is unaffected.
The grasping roots constrict you.
You hit Natasha. You bite Natasha, but do no damage.
Natasha is moderately wounded.
Natasha claws you!
* * * LOW HITPOINT WARNING * * *
The grasping roots constrict you.
You die...

#..#.#.##........#..###..........
#. #.............+....#........#.
# #...#.........#..#.#........#.
#...#.....###....#.#..........
#...#.#.#.# #.#.##.#..........
#...#...#.# #.#....+.....#.##.
...######.###......#..........
.<.........##.h.#####........#.
#.###...###..')@.'...# .....#. #.
#.##...#...# ....... #.##...# .#
####.. #.##..... ####....
#.##....... #....#.# #.##........
#......# #.....#..... #....... #.
...#..... #....... .........


You could see Natasha.

Vanquished Creatures
  2 dart slugs (D:1)
  4 ball pythons
  2 bats (D:1)
  2 endoplasms (D:1)
  A giant cockroach (D:1)
  7 goblins
  3 hobgoblins (D:1)
  4 kobolds (D:1)
  3 quokkas (D:1)
  A frilled lizard (D:1)
  A rat (D:1)
30 creatures vanquished.

Vanquished Creatures (others)
  3 plants (D:1)
3 creatures vanquished.

Grand Total: 33 creatures vanquished

Notes
Turn   | Place    | Note
-------+----------+-------------------------------------------
     0 | D:1      | holysushi the Vine Stalker Monk began the quest for the
                  | Orb.
     0 | D:1      | Reached XP level 1. HP: 11/11 MP: 2/2
    56 | D:1      | Reached skill level 1 in Spellcasting
    56 | D:1      | Reached XP level 2. HP: 16/16 MP: 2/4
   114 | D:1      | Reached skill level 3 in Short Blades
   532 | D:1      | Reached XP level 3. HP: 19/19 MP: 6/6
  1058 | D:2      | Noticed Natasha
  1064 | D:2      | Constricted to death by Natasha

Illustrated notes

Levels and vault maps discovered:
D:1:      spicycebolla_arrival_clurvy, layout_basic
D:2:      layout_basic, serial_shops, shop, shop, uniq_natasha

Skill      XL: |  1  2  3 |
---------------+----------+-----
Spellcasting   | 1 2 |  2.0
Short Blades   | 3 |  3.3
Fighting       | |  2.6
Dodging        | |  2.4
Stealth        | |  2.4

Action                   || total
-------------------------++-------
Melee: Short sword       ||    81
       Bite              ||    22
       Punch             ||     1
  Use: Scroll            ||     3
 Stab: Sleeping          ||     5
Armor: Robe              ||    15
Dodge: Dodged            ||    44

Table legend: (Time is in decaauts)
 A = Elapsed time spent in this place.
 B = Non-inter-level travel time spent in this place.
 C = Inter-level travel time spent in this place.
 D = Time resting spent in this place.
 E = Time spent auto-exploring this place.
 F = Levels seen in this place.
 G = Mean time per level.
                   A        B        C        D        E       F      G
               +--------+--------+--------+--------+--------+-----+--------+
         Total |   1051 |   1030 |     21 |      0 |    765 |   2 |  525.5 |
       Dungeon |   1051 |   1030 |     21 |      0 |    765 |   2 |  525.5 |
               +--------+--------+--------+--------+--------+-----+--------+

Top non-repeatable levels by time:
     D:1: 886 daAuts
     D:2: 164 daAuts
